 Dungeon Crawl Stone Soup version 0.31-a0-848-gaac375c287 (webtiles) character file.

Game seed: 1268231533500385316

0 Kurtz the Sneak (level 1, -1/18 HPs)
             Began as a Mummy Delver on Oct 4, 2023.
             Slain by a black bear (3 damage)
             ... on level 4 of the Dungeon.
             The game lasted 00:00:10 (78 turns).

Kurtz the Sneak (Mummy Delver)                        Turns: 78, Time: 00:00:10

Health: -1/18      AC:  3    Str: 15    XL:     1   Next: 8%
Magic:  1/1        EV: 11    Int:  9    God:
Gold:   0          SH:  0    Dex: 13    Spells: 0/0 levels left

rFire   x . .        a - +0 hand axe
rCold   + . .        (no shield)
rNeg    + + +        b - +0 leather armour
rPois   ∞            (no helmet)
rElec   .            (no cloak)
rCorr   .            (no gloves)
SInv    .            (no boots)
Will    .....        (no amulet)
Stlth   ++           (no ring)
HPRegen 0.23/turn    (no ring)
MPRegen 0.07/turn

%: faith
@: no status effects
A: cold resistance 1, negative energy resistance 3, torment resistance 2, heat
vulnerability 1, in touch with death 1, no potions, faith
a: no special abilities


You were on level 4 of the Dungeon.
You visited 1 branch of the dungeon, and saw 2 of its levels.

Inventory:

Hand Weapons
 a - a +0 hand axe (weapon)
Armour
 b - a +0 leather armour (worn)
Wands
 f - a wand of digging (3)
Scrolls
 c - a scroll of fog
 d - a scroll of revelation
 e - a scroll of fear


   Skills:
 - Level 3.0 Fighting
 * Level 1.6 Axes
 - Level 1.5 Dodging
 - Level 4.1 Stealth


You couldn't memorise any spells.
You didn't know any spells.
Your spell library was empty.

Dungeon Overview and Level Annotations

Branches:
Dungeon (5/15)
 Temple: D:4-7

Altars:


Innate Abilities, Weirdness & Mutations

You are immune to poison.
Your flesh is cold resistant. (rC+)
You are immune to negative energy. (rN+++)
You are immune to unholy pain and torment.
You are vulnerable to heat. (rF-)
You are in touch with the powers of death.
You do not drink.
You have a special connection with the divine. (Faith)


Message History

The helpless ball python fails to defend itself.
You hit the ball python.
The ball python is moderately wounded.
The ball python bites you but does no damage.
The ball python grabs you. The ball python constricts you.
The ball python bites you. The ball python constricts you.
You hit the ball python.
You kill the ball python!
HP restored.
You open the door.
There is an open door here.
Key pressed, stopping explore.
No target in view!
No target in view!
A black bear comes into view.
The black bear growls angrily.
A black bear is nearby!
A goblin comes into view. It is wielding a +0 club.
The black bear attacks as it pursues you!
The black bear bites you.
The black bear claws you but does no damage.
The black bear claws you.
The black bear attacks as it pursues you!
The black bear barely misses you. The black bear misses you.
The black bear barely misses you.
There is an open door here.
The black bear attacks as it pursues you!
The black bear bites you.
* * * LOW HITPOINT WARNING * * *
The black bear claws you.
* * * LOW HITPOINT WARNING * * *
The black bear claws you.
* * * LOW HITPOINT WARNING * * *
Unknown command.
The black bear attacks as it pursues you!
The black bear closely misses you. x3
The black bear attacks as it pursues you!
The black bear barely misses you. The black bear completely misses you.
The black bear claws you.
You die...

#...# #>..#
#.#.#.# ##.#
#.....######....#
###.#........#
#.####..#### #.#
##.# #.#
##.###### #.#
#..@....#
#...h...######
#............#
######'#####.# ##
#.# .. #.# #
#.#.#.#.###
#.........#
###g#.#.#.#


You could see a black bear.

Vanquished Creatures
  A ball python (D:4)
1 creature vanquished.

Notes
Turn   | Place    | Note
-------+----------+-------------------------------------------
     0 | D:5      | Kurtz the Mummy Delver began the quest for the Orb.
     0 | D:5      | Reached XP level 1. HP: 18/18 MP: 1/1
    29 | D:5      | Noticed an ice beast
    31 | D:5      | Noticed an iguana
    71 | D:4      | Noticed a black bear
    78 | D:4      | Slain by a black bear

Illustrated notes

Levels and vault maps discovered:
D:4:      layout_basic, mainiacjoe_overflow_concentric_impassable,
          general_overflow_altar, chequers_temple_overflow_minitemple,
          fedhas_ov_isle_minmay, minmay_starry_boxes
D:5:      layout_rooms, minmay_temple_entry_waves

Action                     || total
---------------------------++-------
  Melee: Hand axe          ||     2
   Stab: Sleeping          ||     1
 Armour: Leather armour    ||     9
  Dodge: Dodged            ||     8

Table legend: (Time is in decaauts)
 A = Elapsed time spent in this place.
 B = Non-inter-level travel time spent in this place.
 C = Inter-level travel time spent in this place.
 D = Time resting spent in this place.
 E = Time spent auto-exploring this place.
 F = Levels seen in this place.
 G = Mean time per level.
                   A        B        C        D        E       F      G
               +--------+--------+--------+--------+--------+-----+--------+
         Total |     78 |     78 |      0 |      0 |     53 |   2 |   39.0 |
       Dungeon |     78 |     78 |      0 |      0 |     53 |   2 |   39.0 |
               +--------+--------+--------+--------+--------+-----+--------+

Top non-repeatable levels by time:
     D:4: 40 daAuts
     D:5: 38 daAuts
